Unix NetHack Version 3.7.0-53 Work-in-progress - last build Apr 11 2022 03:59:15 (1e4a17dd8e4cd83bd3ef5d46a59529246cfc2aae,branch:master). Game began 2022-04-11 16:53:13, ended 2022-04-11 17:15:15. greg, lawful female human Valkyrie -- ----.--- --.|....--- --- |.........| .| |.........-- -.| |.......---- |.| --........--- |.| |...........| |.| --..)..|.|...| |.| |.<..|.|------ --.| --.--|.-- -- |..----- --- |..-- |.---...--.-- --..| |...........| - --.| --.........--- .| |.| |..............| --.-- ----..........--- |...---.........x.....| |..*..%.%.......'@....| --..-----.|.|.|.---.--- ---- --------- -- Greg the Fighter St:18/01 Dx:14 Co:18 In:8 Wi:7 Ch:7 Lawful S:2506 Dlvl:6 $:90 HP:0(58) Pw:15(15) AC:4 Xp:6/539 T:2852 Satiated Latest messages: The wolf starts to attack you, but pulls back. The wolf starts to attack you, but pulls back. You finish your prayer. You feel that Tyr is well-pleased. You feel much better. The wolf bites! You kill the wolf! You hit the wolf! The wolf bites! You hit the wolf! The wolf bites! You miss the wolf. The wolf bites! You miss the wolf. The wolf bites! You kill the wolf! The wolf bites! You hit the wolf! The wolf bites! You hit the wolf! The wolf bites! You kill the wolf! You see here a wolf corpse. You hit the wolf! The wolf bites! You kill the wolf! You kill the newt! You see here a wolf corpse. There is a wolf corpse here; eat it? [ynq] (n) y This wolf corpse tastes okay. You stop eating the wolf corpse. You miss the gold golem. The gold golem hits! The gold golem hits! A gush of water hits the grid bug! You miss the gold golem. The gold golem hits! The gold golem hits! You hit the gold golem! The gold golem hits! The gold golem hits! You hit the gold golem! The gold golem hits! The gold golem hits! You die... Do you want your possessions identified? [ynq] (y) y Do you want to see your attributes? [ynq] (y) y Do you want an account of creatures vanquished? [ynaq] (y) y Do you want to see your conduct and achievements? [ynq] (y) y Do you want to see the dungeon overview? [ynq] (y) y Major events: Turn 1: greg the lawful human Valkyrie entered the dungeon 1839: attained the rank of Skirmisher (level 3) 2332: entered the Gnomish Mines 2619: attained the rank of Fighter (level 6) 2852: killed by a gold golem Inventory: Coins $ - 90 gold pieces Weapons k - 5 +0 crossbow bolts b - a +0 dagger (alternate weapon; not wielded) a - a +1 long sword (weapon in hand) Armor u - an uncursed +0 dwarvish iron helm o - an uncursed rusty +0 orcish helm (being worn) v - an uncursed +0 pair of iron shoes c - an uncursed +3 small shield (being worn) m - a blessed +2 orcish cloak (being worn) z - an uncursed +0 leather armor A - an uncursed +0 leather jacket Comestibles f - 2 uncursed cram rations d - an uncursed food ration g - 4 uncursed food rations Scrolls r - 3 uncursed scrolls of identify j - an uncursed scroll of teleportation Spellbooks e - an uncursed spellbook of cause fear h - an uncursed spellbook of confuse monster Wands p - a wand of secret door detection (0:11) l - a wand of slow monster (0:4) Tools q - an uncursed wax candle Gems/Stones t - an uncursed agate stone x - an uncursed worthless piece of blue glass w - 2 uncursed worthless pieces of orange glass y - an uncursed worthless piece of violet glass s - an uncursed worthless piece of yellowish brown glass Greg the Valkyrie's attributes: Background: You were a Fighter, a level 6 human Valkyrie. You were lawful, on a mission for Tyr who was opposed by Odin (neutral) and Loki (chaotic). You were in the Gnomish Mines, on level 6. You entered the dungeon 2852 turns ago. You had 539 experience points, 101 more were needed to attain level 7. Your score was 2506 before end-of-game adjustments. Basics: You had 0 out of 58 hit points. You had all 15 energy points (spell power). Your armor class was 4. Your wallet contained 90 zorkmids. Autopickup was on for '$' plus thrown. Final Characteristics: Your strength was 18/01 (peak:18/03, limit:18/100). Your dexterity was 14 (limit:18). Your constitution was 18 (limit:18). Your intelligence was 8 (limit:18). Your wisdom was 7 (limit:18). Your charisma was 7 (limit:18). Final Status: You were satiated. You were unencumbered. You were wielding a long sword. You were skilled in long sword. Final Attributes: You were piously aligned. You were cold resistant. You were telepathic. You were stealthy. You were warded. You are dead. Miscellaneous: You never encountered a bones level. Total elapsed playing time was 22 minutes. Vanquished creatures: 4 wolves a bugbear a shrieker 5 gnome leaders a little dog 3 floating eyes a dwarf 3 killer bees an acid blob 2 coyotes 2 large kobolds 2 hobgoblins 3 giant rats 4 cave spiders 2 yellow molds a red mold 16 gnomes 11 garter snakes a gecko 4 jackals 2 foxes a kobold 2 goblins 2 sewer rats 4 grid bugs 3 lichens a kobold zombie 2 newts 85 creatures vanquished. No species were genocided or became extinct. Voluntary challenges: You read items or engraved 2 times. You never engraved Elbereth. You never genocided any monsters. You never polymorphed an object. You never changed form. You used no wishes. Achievements: You attained the rank of Skirmisher. You entered the Gnomish Mines. You attained the rank of Fighter. The Dungeons of Doom: levels 1 to 5 Level 1: A fountain. Level 2: Many fountains. Level 3: Level 4: A fountain. Stairs down to The Gnomish Mines. Level 5: The Gnomish Mines: levels 5 to 6 Level 5: Level 6: <- You were here. Final resting place for you, killed by a gold golem. Game over: ---------- / \ / REST \ / IN \ / PEACE \ / \ | greg | | 90 Au | | killed by a gold | | golem | | | | | | 2022 | *| * * * | * _________)/\\_//(\/(/\)/\//\/|_)_______ Farvel greg the Valkyrie... You died in The Gnomish Mines on dungeon level 6 with 2497 points, and 90 pieces of gold, after 2852 moves. You were level 6 with a maximum of 58 hit points when you died.